 Dungeon Crawl Stone Soup version 0.30.0-29-ga12c61a403 (webtiles) character file.

Game seed: 5183713180788957979

94466 AlmostDecent the Thaumaturge (level 16, -11/118 (125) HPs)
             Began as a Gnoll Ice Elementalist on May 31, 2023.
             Was the Champion of Vehumet.
             Killed by an exploding bloated husk (41 damage)
             ... on level 1 of the Swamp on June 4, 2023.
             The game lasted 02:46:24 (27648 turns).

AlmostDecent the Thaumaturge (GnIE)                Turns: 27648, Time: 02:46:24

HP:   -11/118 (125) AC:  8    Str: 10    XL:     16   Next: 11%
MP:   25/41         EV: 23    Int: 27    God:    Vehumet [******]
Gold: 473           SH:  5    Dex: 27    Spells: 4/39 levels left

rFire   x . .        x - +5 short sword of the Spider {distort, Fly Will- Dex+6 SInv}
rCold   . . .        (no shield)
rNeg    . . .        w - +0 leather armour "Qimupik" {rF- rCorr Slay+6}
rPois   .            V - +0 helmet
rElec   .            q - scarf {+Inv}
rCorr   +            i - +1 pair of gloves
SInv    +            (no boots)
Will    .....        j - amulet of reflection
Stlth   +++++        c - +6 ring of dexterity
HPRegen 0.39/turn    y - ring "Lequyxzy" {Drain rCorr MP+9 Str+3 Int+6}
MPRegen 0.27/turn

%: reflection
@: lethally poisoned (-11 -> -13), flying, drained
A: fangs 1, strong nose, distributed training
a: Renounce Religion, Evoke Invisibility


You were on level 1 of the Swamp.
You worshipped Vehumet.
Vehumet was exalted by your worship.
You visited 5 branches of the dungeon, and saw 24 of its levels.
You visited the Abyss 1 time.
You also visited: Sewer and Ossuary.

You collected 2558 gold pieces.
You spent 2085 gold pieces at shops.

Inventory:

Hand Weapons
 a - a +6 scimitar of draining
 k - a +0 triple sword
 x - the +5 short sword of the Spider (weapon) {distort, Fly Will- Dex+6 SInv}
   (You bought it in a shop on level 2 of the Orcish Mines)

   Dex:       It affects your dexterity (+6).
   SInv:      It lets you see invisible.
   Fly:       It grants you flight.
   Will:      It decreases your willpower.
 T - a +1 scimitar of flaming
Missiles
 H - a throwing net
Armour
 i - a +1 pair of gloves (worn)
 q - a scarf of invisibility (worn)
 w - the +0 leather armour "Qimupik" (worn) {rF- rCorr Slay+6}
   (You found it on level 3 of the Dungeon)

   Slay:      It affects your accuracy & damage with ranged weapons and melee
   (+6).
   rF:        It makes you vulnerable to fire.
   rCorr:     It protects you from acid and corrosion.
 P - a +2 robe of the Archmagi
 V - a +0 helmet (worn)
 X - the +4 scale mail of the Trees {rC+++ Str-4 Int-3 Dex+4}
   (You found it on level 4 of the Lair of Beasts)

   Str:       It affects your strength (-4).
   Int:       It affects your intelligence (-3).
   Dex:       It affects your dexterity (+4).
   rC:        It renders you almost immune to cold.
Jewellery
 c - a +6 ring of dexterity (left hand)
 g - an amulet of the acrobat
 j - an amulet of reflection (around neck)
 p - a ring of flight
 y - the ring "Lequyxzy" (right hand) {Drain rCorr MP+9 Str+3 Int+6}
   (You bought it in a shop on level 1 of the Dungeon)

   [ring of resist corrosion]

   Str:       It affects your strength (+3).
   Int:       It affects your intelligence (+6).
   MP:        It affects your magic capacity (+9).
   rCorr:     It protects you from acid and corrosion.
   Drain:     It drains your maximum health when unequipped.
 C - an amulet of faith
Wands
 v - a wand of mindburst (19)
 D - a wand of iceblast (11)
 F - a wand of charming (48)
 I - a wand of polymorph (4)
 W - a wand of digging (13)
 Y - a wand of quicksilver (5)
Scrolls
 d - 8 scrolls of blinking
 s - 2 scrolls of silence
 z - 11 scrolls of teleportation
 A - 3 scrolls of fog
 J - 7 scrolls of enchant armour
 M - 5 scrolls of poison
 N - 2 scrolls of amnesia
 O - 2 scrolls of enchant weapon
 Q - 4 scrolls of fear
 U - 2 scrolls of immolation
Potions
 b - 2 potions of magic
 e - 2 potions of might
 f - 3 potions of heal wounds
 h - 6 potions of attraction
 l - 3 potions of cancellation
 m - 7 potions of curing
 n - 3 potions of flight
 o - 3 potions of berserk rage
 r - 2 potions of resistance
 t - 7 potions of haste
 u - 6 potions of invisibility
 B - 3 potions of brilliance
 E - 7 potions of mutation
 G - 3 potions of ambrosia
Miscellaneous
 S - a tin of tremorstones (2/2)


   Skills:
 + Level 11.0 Fighting
 + Level 11.0 Short Blades
 + Level 11.0 Long Blades
 + Level 11.0 Axes
 + Level 11.0 Maces & Flails
 + Level 11.0 Polearms
 + Level 11.0 Staves
 + Level 11.0 Ranged Weapons
 + Level 11.0 Throwing
 + Level 11.0 Armour
 + Level 11.9 Dodging
 + Level 11.7 Stealth
 + Level 11.0 Shields
 + Level 11.0 Unarmed Combat
 + Level 12.0 Spellcasting
 + Level 9.2 Conjurations
 + Level 9.2 Hexes
 + Level 9.2 Summonings
 + Level 9.2 Necromancy
 + Level 9.2 Translocations
 + Level 9.2 Transmutations
 + Level 9.2 Fire Magic
 + Level 11.6 Ice Magic
 + Level 9.2 Air Magic
 + Level 9.2 Earth Magic
 + Level 9.2 Poison Magic
 + Level 11.9 Invocations
 + Level 11.0 Evocations


You had 4 spell levels left.
You knew the following spells:

 Your Spells              Type           Power      Damage    Failure   Level
a - Animate Dead          Necr           61%        N/A       1%          4
b - Frozen Ramparts       Ice            100%       1d16      1%          3
c - Ozocubu's Armour      Ice            68%        N/A       1%          3
d - Summon Ice Beast      Ice/Summ       64%        N/A       1%          4
e - Hailstorm             Conj/Ice       64%        3d14      1%          3
f - Freezing Cloud        Conj/Ice/Air   31%        6-21      1%          5
g - Ignite Poison         Fire/Tmut/Pois 61%        N/A       1%          3
h - Lee's Rapid Deconstr  Erth           30%        3d16*     1%          5
i - Fireball              Conj/Fire      30%        3d13      1%          5

Your spell library contained the following spells:

 Spells                   Type           Power      Damage    Failure   Level
 Spellforged Servitor     Conj/Summ      30%        N/A       21%         7
 Freeze                   Ice            100%       1d10      1%          1
 Kiss of Death            Conj/Necr      100%       2d13      1%          1
 Magic Dart               Conj           100%       1d8       1%          1
 Call Imp                 Summ           100%       N/A       1%          2
 Cigotuvi's Dreadful Rot  Necr/Pois/Air  100%       N/A       1%          2
 Ensorcelled Hibernation  Hex/Ice        100%       N/A       1%          2
 Lesser Beckoning         Tloc           100%       N/A       1%          2
 Call Canine Familiar     Summ           61%        N/A       1%          3
 Confusing Touch          Hex            61%        N/A       1%          3
 Gell's Gravitas          Tloc           61%        N/A       1%          3
 Mephitic Cloud           Conj/Pois/Air  61%        N/A       1%          3
 Portal Projectile        Hex/Tloc       100%       N/A       1%          3
 Spider Form              Tmut/Pois      61%        N/A       1%          3
 Teleport Other           Tloc           61%        N/A       1%          3
 Volatile Blastmotes      Fire/Tloc      100%       2d18      1%          3
 Anguish                  Hex/Necr       30%        N/A       1%          4
 Dispel Undead            Necr           61%        3d21      1%          4
 Fulminant Prism          Conj/Hex       30%        3d15      1%          4
 Ice Form                 Ice/Tmut       64%        N/A       1%          4
 Iskenderun's Mystic Bla  Conj/Tloc      61%        2d13      1%          4
 Leda's Liquefaction      Hex/Erth       30%        N/A       1%          4
 Borgnjor's Vile Clutch   Necr/Erth      30%        N/A       2%          5
 Summon Mana Viper        Hex/Summ       61%        N/A       2%          5
 Simulacrum               Ice/Necr       32%        N/A       10%         6
 Death Channel            Necr           30%        N/A       16%         6
 Dispersal                Tloc           30%        N/A       16%         6
 Statue Form              Tmut/Erth      40%        N/A       16%         6
 Monstrous Menagerie      Summ           30%        N/A       63%         7


Dungeon Overview and Level Annotations

Branches:
Dungeon (15/15)            Temple (1/1) D:4            Lair (5/5) D:11
  Swamp (1/4) Lair:3       Spider (0/4) Lair:2        Slime (0/5) Lair:5
    Orc (2/2) D:9             Elf (0/3) Orc:2        Vaults (0/5) D:14
 Depths (0/4) D:15          Sewer (visited)         Ossuary (visited)

Altars:
Cheibriados
Dithmenos
Elyvilon
Fedhas
Gozag
Hepliaklqana
Kikubaaqudgha
Nemelex Xobeh
Okawaru
Qazlal
Ru
Sif Muna
Trog
Uskayaw
Vehumet
Wu Jian
Xom
Yredelemnul
Zin
The Shining One
Jiyva

Shops:
D:1 =   D:14 ?   Orc:2 *[!!=[*(:

Annotations:
D:5 3 runed translucent doors, Kamelo's ghost, novice MiBe; SleepySteel's ghost, novice DsGl; Yogidamonk's ghost, novice DjCj
D:8 2 transporters, 1 runed translucent door, vanon20230528's ghost, novice OpCj
Temple 2 transporters
Abyss:1 Frances


Innate Abilities, Weirdness & Mutations

You have very sharp teeth.
Your uncanny sense of smell can sniff out nearby items.
Your experience applies equally to all skills.


Message History

Confirm with . or Enter, or press ? or * to list all spells.
Aiming: Freezing Cloud (mildly dangerous; 1% risk of failure)
Press: ? - help, Dir - move target, f/p - bunyip
Aim: a bunyip (moderately wounded, catching its breath)
You are engulfed in spectral mist.
You feel sick.
The vampire mosquito is engulfed in freezing vapours.
The bunyip is engulfed in freezing vapours.
The bloated husk is engulfed in freezing vapours.
The spectral fenstrider witch barely misses you.
The spectral fenstrider witch kicks you.
The ghost crab breathes spectral mist at you.
The spectral mist engulfs the spectral fenstrider witch but does no damage.
Casting: Freezing Cloud (mildly dangerous; 1% risk of failure)
Confirm with . or Enter, or press ? or * to list all spells.
Aiming: Freezing Cloud (mildly dangerous; 1% risk of failure)
Press: ? - help, Dir - move target, p - bunyip There's already a cloud there.
Okay, then.
You hit the bunyip but do no damage.
Space warps around the bunyip.
The bunyip is heavily wounded.
You are engulfed in spectral mist.
The vampire mosquito is engulfed in freezing vapours.
The spectral fenstrider witch hits you!
You feel drained.
The spectral fenstrider witch kicks you!
* * * LOW HITPOINT WARNING * * *
You feel drained.
* * * LOW HITPOINT WARNING * * *
You feel much better.
You are engulfed in spectral mist.
You feel sick.
The vampire mosquito is engulfed in freezing vapours.
You destroy the vampire mosquito!
Vehumet accepts your kill.
You feel your power returning.
The bunyip is engulfed in freezing vapours.
You block the bunyip's attack. x2; The bunyip claws you!
* * * LOW HITPOINT WARNING * * *
The bloated husk explodes!
The blast of putrescent gases engulfs the spectral fenstrider witch!!
The blast of putrescent gases engulfs the spectral spriggan berserker!!
The blast of putrescent gases engulfs you!!!
You die...

♣♣♣[~~~~~.♣♣♣
..♣...~~~~..~~♣♣
......~~~~§....♣♣
♣♣♣♣.~~.~~§§~○~~.~♣
...~.~§.t~~§~~~~~.♣♣
..~....~Z§~☼☼Z~~~§♣♣
♣♣....~~~☼○○○§§○§§♣♣
♣♣♣~......○☼○Z@§.§§.§♣
♣~...<....○☼☼○x§§§§§♣♣
♣♣..~~)...Z☼§§§§§§§§♣
♣♣~.~~~~♣~..§§§§§§.♣
...♣♣♣.~.♣♣♣.○§§§§♣♣♣
.... ♣♣..♣ ♣..~~§§♣
♣♣. ♣♣♣♣ ~~.~~§§§♣ ♣
♣~..§~~..♣ ....§~.♣♣♣


You could see a bunyip, a ghost crab, 2 spectral spriggan berserkers and 2
spectral fenstrider witches.

Vanquished Creatures
  Roxanne (D:15)
  Kirke (D:15)
  An orc warlord (Orc:2)
  A fire dragon (D:15)
  An ogre mage (D:15)
  2 vault guards (D:14)
  Erolcha (D:12)
  5 hydras
  An ice dragon (D:15)
  A boulder beetle (D:15)
  Erica (D:11)
  5 two-headed ogres
  5 centaur warriors
  A catoblepas (D:12)
  5 death yaks (Lair:3)
  A tengu warrior (D:15)
  2 skysharks
  A pharaoh ant (Lair:2)
  5 skeletal warriors (D:15)
  A swamp dragon (Swamp:1)
  2 orc knights
  2 deep elf pyromancers
  10 orc sorcerers (Orc:2)
  7 ugly things
  8 cyclopes
  3 manticores
  9 elephants
  An ice statue (Lair:3)
  Joseph (D:10)
  4 molten gargoyles (D:15)
  2 torpor snails
  2 gargoyles (D:12)
  13 cane toads
  3 rime drakes
  6 komodo dragons
  A tengu conjurer (D:14)
  2 ice devils (D:11)
  A freezing wraith (Lair:3)
  7 polar bears
  7 trolls
  5 hornets
  2 tyrant leeches (Lair:3)
  5 blink frogs (Lair:5)
  3 tarantellas (Lair:2)
  3 dream sheep (Lair:5)
  3 slime creatures (D:14)
  14 spriggans (Lair:5)
  3 shadows
  A vampire (D:12)
  Sigmund (D:3)
  5 wraiths
  3 steam dragons
  6 wyverns
  9 humans (D:14)
  3 basilisks (Lair:5)
  31 yaks
  6 hogs (D:15)
  11 vampire mosquitoes
  Grum (D:11)
  3 swamp worms
  10 wargs
  Menkaure (D:6)
  2 acid dragons
  12 water moccasins
  9 ice beasts (Lair:3)
  21 orc warriors
  A sky beast (D:6)
  5 black bears
  28 wolves
  6 ogres
  15 centaurs
  4 boggarts (Lair:5)
  8 kobold brigands
  13 bullfrogs
  A gnoll sergeant (D:10)
  A scorpion (D:5)
  16 wights
  A hornet simulacrum (D:15)
  8 killer bees
  5 howler monkeys
  2 electric eels (Lair:5)
  4 hounds
  A lava snake (D:15)
  A human zombie (D:7)
  9 orc priests
  3 gnoll boudas
  3 jellies
  2 sleepcaps (D:6)
  Jessica (D:2)
  Ijyb (D:5)
  An iguana (D:5)
  36 orc wizards
  4 hell rats (Lair:2)
  Terence (D:2)
  8 adders
  24 gnolls
  3 river rats
  4 white imps
  3 ufetubi
  2 adder zombies (Ossuary)
  4 worms
  4 dart slugs
  95 orcs
  8 ball pythons
  A bat (D:1)
  6 endoplasms
  6 giant cockroaches
  8 hobgoblins
  7 jackals
  4 quokkas
  A ball python skeleton (Ossuary)
  8 frilled lizards
  A goblin (D:2)
  A hobgoblin zombie (Ossuary)
  61 kobolds
  A kobold zombie (Ossuary)
  3 orc zombies (Ossuary)
  19 rats
769 creatures vanquished.

Vanquished Creatures (collateral kills)
  Jorgrun (Orc:2)
  2 hydras (Lair:3)
  A death yak (Lair:3)
  An elephant (Lair:2)
  A cane toad (Lair:5)
  A shadow (D:11)
  A yak (Lair:5)
  Edmund (D:6)
  A sky beast (D:7)
  An orc warrior (D:8)
  A wolf (Lair:3)
  A kobold brigand (D:9)
  2 bullfrogs
  2 wights (D:8)
  5 killer bees (D:10)
  An electric eel (Lair:5)
  An orc priest (Orc:1)
  An orc wizard (Orc:2)
  2 gnolls (D:10)
  6 orcs
33 creatures vanquished.

Vanquished Creatures (others)
  A bloated husk (Swamp:1)
1 creature vanquished.

Grand Total: 803 creatures vanquished

Notes
Turn   | Place    | Note
-------+----------+-------------------------------------------
     0 | D:1      | AlmostDecent the Gnoll Ice Elementalist began the quest for
                  | the Orb.
     0 | D:1      | Reached XP level 1. HP: 13/13 MP: 6/6
   357 | D:1      | Reached XP level 2. HP: 16/19 MP: 7/7
   636 | D:1      | Found Elec's One-of-a-Kind Rings.
   759 | D:2      | Noticed Terence
   767 | D:2      | Killed Terence
   768 | D:2      | Reached skill level 5 in Spellcasting
   768 | D:2      | Reached skill level 1 in Invocations
   768 | D:2      | Reached XP level 3. HP: 25/25 MP: 6/9
   773 | D:2      | Learned a level 3 spell: Frozen Ramparts
   777 | D:2      | Learned a level 3 spell: Ozocubu's Armour
   812 | D:2      | Reached skill level 1 in Fighting
   812 | D:2      | Reached skill level 1 in Short Blades
   812 | D:2      | Reached skill level 1 in Long Blades
   812 | D:2      | Reached skill level 1 in Axes
   812 | D:2      | Reached skill level 1 in Maces & Flails
   812 | D:2      | Reached skill level 1 in Polearms
   812 | D:2      | Reached skill level 1 in Staves
   812 | D:2      | Reached skill level 1 in Ranged Weapons
   812 | D:2      | Reached skill level 1 in Throwing
   812 | D:2      | Reached skill level 1 in Armour
   812 | D:2      | Reached skill level 1 in Shields
   812 | D:2      | Reached skill level 1 in Unarmed Combat
   812 | D:2      | Reached skill level 1 in Evocations
   887 | D:2      | Reached XP level 4. HP: 32/32 MP: 9/11
   912 | D:2      | Noticed Jessica
   921 | D:2      | Killed Jessica
   922 | D:2      | Reached skill level 1 in Conjurations
   922 | D:2      | Reached skill level 1 in Hexes
   922 | D:2      | Reached skill level 1 in Summonings
   922 | D:2      | Reached skill level 1 in Necromancy
   922 | D:2      | Reached skill level 1 in Translocations
   922 | D:2      | Reached skill level 1 in Transmutations
   922 | D:2      | Reached skill level 1 in Fire Magic
   922 | D:2      | Reached skill level 1 in Air Magic
   922 | D:2      | Reached skill level 1 in Earth Magic
   922 | D:2      | Reached skill level 1 in Poison Magic
  1617 | D:3      | Reached XP level 5. HP: 37/37 MP: 10/12
  1640 | D:3      | Learned a level 4 spell: Summon Ice Beast
  1767 | D:3      | Learned a level 3 spell: Hailstorm
  2374 | D:3      | Found a faded altar of an unknown god.
  2504 | D:3      | Noticed Sigmund
  2516 | D:3      | Killed Sigmund
  2517 | D:3      | Reached skill level 5 in Dodging
  2517 | D:3      | Reached XP level 6. HP: 24/44 MP: 1/14
  2637 | D:3      | Identified the +0 leather armour "Qimupik" {rF- rCorr
                  | Slay+6}
  2649 | D:3      | Reached XP level 7. HP: 27/51 MP: 8/15
  2812 | D:3      | Reached skill level 5 in Stealth
  3652 | D:4      | Found a glowing drain.
  3656 | D:4      | Reached XP level 8. HP: 58/58 MP: 16/16
  3663 | Sewer    | Entered a sewer
  4115 | D:4      | Found a staircase to the Ecumenical Temple.
  4166 | D:4      | Found a bloodstained altar of Trog.
  4166 | D:4      | Found a glowing golden altar of the Shining One.
  4174 | D:4      | Found a snail-covered altar of Cheibriados.
  4177 | D:4      | Found a sparkling altar of Nemelex Xobeh.
  4179 | D:4      | Found a shimmering blue altar of Sif Muna.
  4223 | D:5      | Entered Level 5 of the Dungeon
  4231 | D:5      | Found a runed translucent gate.
  4232 | D:5      | Found a runed translucent gate.
  4232 | D:5      | Found a runed translucent gate.
  4234 | D:5      | Noticed SleepySteel's ghost (novice DsGl)
  4234 | D:5      | Noticed Yogidamonk's ghost (novice DjCj)
  4235 | D:5      | Noticed Kamelo's ghost (novice MiBe)
  4328 | D:5      | Noticed a yak
  4332 | D:5      | Noticed a yak
  4332 | D:5      | Noticed a yak
  4332 | D:5      | Noticed a yak
  4332 | D:5      | Noticed a yak
  4338 | D:5      | Noticed a yak
  4341 | D:5      | Killed a yak
  4342 | D:5      | Reached skill level 6 in Spellcasting
  4345 | D:5      | Killed a yak
  4346 | D:5      | Killed a yak
  4350 | D:5      | Killed a yak
  4355 | D:5      | Killed a yak
  4356 | D:5      | Reached XP level 9. HP: 35/65 MP: 7/18
  4632 | D:5      | Noticed Ijyb
  4644 | D:5      | Killed Ijyb
  5174 | Temple   | Entered the Ecumenical Temple
  5174 | Temple   | Found a transporter.
  5174 | Temple   | Found a transporter.
  5176 | Temple   | Found a transporter.
  5176 | Temple   | Found a transporter.
  5187 | Temple   | Became a worshipper of Vehumet
  5624 | D:6      | Noticed Menkaure
  5629 | D:6      | Killed Menkaure
  5984 | D:6      | Reached skill level 5 in Invocations
  6193 | D:6      | Reached * piety under Vehumet
  6193 | D:6      | Offered knowledge of Shock by Vehumet.
  6577 | D:6      | Reached skill level 7 in Spellcasting
  6584 | D:6      | Noticed Edmund
  6694 | D:6      | Killed Edmund
  6916 | D:6      | Reached skill level 5 in Fighting
  6916 | D:6      | Reached skill level 5 in Short Blades
  6916 | D:6      | Reached skill level 5 in Long Blades
  6916 | D:6      | Reached skill level 5 in Axes
  6916 | D:6      | Reached skill level 5 in Maces & Flails
  6916 | D:6      | Reached skill level 5 in Polearms
  6916 | D:6      | Reached skill level 5 in Staves
  6916 | D:6      | Reached skill level 5 in Ranged Weapons
  6916 | D:6      | Reached skill level 5 in Throwing
  6916 | D:6      | Reached skill level 5 in Armour
  6916 | D:6      | Reached skill level 5 in Shields
  6916 | D:6      | Reached skill level 5 in Unarmed Combat
  6916 | D:6      | Reached skill level 5 in Evocations
  6916 | D:6      | Reached XP level 10. HP: 74/74 MP: 17/20
  7066 | D:7      | Learned a level 5 spell: Freezing Cloud
  7242 | D:7      | Reached ** piety under Vehumet
  7242 | D:7      | Offered knowledge of Static Discharge by Vehumet.
  7361 | D:7      | Found a sand-covered staircase.
  7370 | Ossuary  | Entered an ossuary
  8464 | D:8      | Found a transporter.
  8465 | D:8      | Found a transporter.
  8467 | D:8      | Offered knowledge of Poisonous Vapours by Vehumet.
  8483 | D:8      | Found a transporter.
  8483 | D:8      | Found a transporter.
  8587 | D:8      | Found a runed translucent door.
  8588 | D:8      | Noticed vanon20230528's ghost (novice OpCj)
  8599 | D:8      | Reached *** piety under Vehumet
  9087 | D:9      | Found a staircase to the Orcish Mines.
  9328 | D:9      | Offered knowledge of Flame Wave by Vehumet.
  9329 | D:9      | Reached skill level 5 in Conjurations
  9329 | D:9      | Reached skill level 5 in Hexes
  9329 | D:9      | Reached skill level 5 in Summonings
  9329 | D:9      | Reached skill level 5 in Necromancy
  9329 | D:9      | Reached skill level 5 in Translocations
  9329 | D:9      | Reached skill level 5 in Transmutations
  9329 | D:9      | Reached skill level 5 in Fire Magic
  9329 | D:9      | Reached skill level 5 in Air Magic
  9329 | D:9      | Reached skill level 5 in Earth Magic
  9329 | D:9      | Reached skill level 5 in Poison Magic
  9329 | D:9      | Reached XP level 11. HP: 73/81 MP: 22/22
  9477 | D:9      | Reached skill level 8 in Spellcasting
  9608 | D:9      | Reached **** piety under Vehumet
  9957 | D:9      | Identified the +6 ring mail of Valiance {Harm Int+3 Dex+5}
 10106 | D:10     | Entered Level 10 of the Dungeon
 10112 | D:10     | Noticed Joseph
 10128 | D:10     | Killed Joseph
 10319 | D:10     | Offered knowledge of Volatile Blastmotes by Vehumet.
 10646 | D:10     | Identified the +3 mace "Layh" {venom, rElec rF+ rN+}
 10773 | D:10     | Noticed a manticore
 10781 | D:10     | Killed a manticore
 11006 | D:11     | Noticed a cyclops
 11013 | D:11     | Killed a cyclops
 11069 | D:11     | Noticed a cyclops
 11075 | D:11     | Killed a cyclops
 11172 | D:11     | Noticed Erica
 11189 | D:11     | Killed Erica
 11281 | D:11     | Noticed a cyan ugly thing
 11289 | D:11     | Killed a cyan ugly thing
 11513 | D:11     | Found a staircase to the Lair.
 11760 | D:11     | Noticed Grum
 11774 | D:11     | Killed Grum
 11775 | D:11     | Reached XP level 12. HP: 68/91 MP: 24/24
 12017 | D:11     | Reached ***** piety under Vehumet
 12263 | D:12     | Offered knowledge of Ozocubu's Refrigeration by Vehumet.
 12356 | D:12     | Noticed Erolcha
 12361 | Abyss:1  | Cast into level 1 of the Abyss (Erolcha)
 12385 | D:12     | Escaped the Abyss
 12407 | D:12     | Killed Erolcha
 12409 | D:12     | Reached skill level 9 in Spellcasting
 12750 | D:12     | Learned a level 3 spell: Mephitic Cloud
 12754 | D:12     | Learned a level 3 spell: Ignite Poison
 12768 | D:12     | Noticed a catoblepas
 12775 | D:12     | Killed a catoblepas
 13458 | Lair:1   | Entered Level 1 of the Lair of Beasts
 14457 | Lair:2   | Found a hole to the Spider Nest.
 14573 | Lair:2   | Identified the +4 flail "Keher" {distort, Str+6 Dex+2}
 14765 | Lair:2   | Found the +5 Lochaber axe {reach-cleave, Poleaxe Drain}
 14796 | Lair:2   | Reached XP level 13. HP: 29/98 MP: 25/26
 15106 | Lair:2   | Found a glowing silver altar of Zin.
 15511 | Lair:3   | Offered knowledge of Lee's Rapid Deconstruction by Vehumet.
 15544 | Lair:3   | Reached skill level 10 in Ice Magic
 16070 | Lair:3   | Found a staircase to the Swamp.
 16126 | Lair:3   | Reached skill level 10 in Spellcasting
 16281 | Lair:3   | Learned a level 5 spell: Lee's Rapid Deconstruction
 16811 | Lair:3   | Reached skill level 10 in Dodging
 17517 | Lair:4   | Reached skill level 10 in Stealth
 17707 | Lair:4   | Identified the +4 scale mail of the Trees {rC+++ Str-4
                  | Int-3 Dex+4}
 17907 | Lair:4   | Offered knowledge of Fireball by Vehumet.
 18023 | Lair:4   | Reached XP level 14. HP: 108/108 MP: 28/28
 18184 | Lair:5   | Entered Level 5 of the Lair of Beasts
 18196 | Lair:5   | Reached skill level 10 in Invocations
 19115 | Lair:5   | Found a staircase to the Slime Pits.
 19116 | Lair:5   | Found a viscous altar of Jiyva.
 20542 | D:1      | Bought the ring "Lequyxzy" {Drain rCorr MP+9 Str+3 Int+6}
                  | for 710 gold pieces
 20550 | D:1      | Learned a level 5 spell: Fireball
 20705 | Orc:1    | Entered Level 1 of the Orcish Mines
 20876 | Orc:1    | Reached skill level 11 in Spellcasting
 20917 | Orc:1    | Found a runed translucent door.
 21370 | Orc:2    | Entered Level 2 of the Orcish Mines
 21483 | Orc:2    | Found a staircase to the Elven Halls.
 21544 | Orc:2    | Found a radiant altar of Vehumet.
 21673 | Orc:2    | Found Ytowemmext's Assorted Antiques.
 21683 | Orc:2    | Found Geiniuwke's Book Shoppe.
 21684 | Orc:2    | Found Xauc's Weapon Shop.
 21696 | Orc:2    | Noticed an orc warlord
 21710 | Orc:2    | Killed an orc warlord
 21908 | Orc:2    | Found Jiush's Armour Boutique.
 21993 | Orc:2    | Found Gyoron's Jewellery Shoppe.
 21999 | Orc:2    | Reached skill level 10 in Fighting
 21999 | Orc:2    | Reached skill level 10 in Short Blades
 21999 | Orc:2    | Reached skill level 10 in Long Blades
 21999 | Orc:2    | Reached skill level 10 in Axes
 21999 | Orc:2    | Reached skill level 10 in Maces & Flails
 21999 | Orc:2    | Reached skill level 10 in Polearms
 21999 | Orc:2    | Reached skill level 10 in Staves
 21999 | Orc:2    | Reached skill level 10 in Ranged Weapons
 21999 | Orc:2    | Reached skill level 10 in Throwing
 21999 | Orc:2    | Reached skill level 10 in Armour
 21999 | Orc:2    | Reached skill level 10 in Shields
 21999 | Orc:2    | Reached skill level 10 in Unarmed Combat
 21999 | Orc:2    | Reached skill level 10 in Evocations
 22190 | Orc:2    | Reached XP level 15. HP: 87/115 MP: 0/30
 22259 | Orc:2    | Found Dammyili's Distillery.
 22259 | Orc:2    | Found Cimuttuu's Distillery.
 22260 | Orc:2    | Noticed Jorgrun
 22269 | Orc:2    | Killed Jorgrun
 22512 | Orc:2    | Bought a potion of magic for 120 gold pieces
 22512 | Orc:2    | Bought 2 potions of curing for 90 gold pieces
 22512 | Orc:2    | Bought a potion of curing for 45 gold pieces
 22531 | Orc:2    | Bought a potion of curing for 39 gold pieces
 22531 | Orc:2    | Bought a potion of heal wounds for 65 gold pieces
 22531 | Orc:2    | Bought a potion of curing for 39 gold pieces
 22531 | Orc:2    | Bought a potion of brilliance for 52 gold pieces
 22579 | Orc:2    | Found Rerav's General Store.
 22605 | Orc:2    | Found Ynod's Antique Armour Emporium.
 23335 | Orc:2    | Bought a faintly humming robe for 165 gold pieces
 23335 | Orc:2    | Identified the +1 robe of Zoutru Ecel {Rampage Dex+5} (You
                  | bought it in a shop on level 2 of the Orcish Mines)
 23409 | Orc:2    | Bought a jewelled short sword for 256 gold pieces
 23409 | Orc:2    | Identified the +5 short sword of the Spider {distort, Fly
                  | Will- Dex+6 SInv} (You bought it in a shop on level 2 of
                  | the Orcish Mines)
 23434 | Orc:2    | Upgraded the game from 0.30.0-19-g36f170ea60 to
                  | 0.30.0-29-ga12c61a403
 23474 | Orc:2    | Bought a book of Unlife for 504 gold pieces
 23480 | Orc:2    | Learned a level 4 spell: Animate Dead
 24595 | D:14     | Offered knowledge of Arcjolt by Vehumet.
 24682 | D:14     | You fall into a shaft and drop 1 floor!
 24682 | D:15     | Entered Level 15 of the Dungeon
 25409 | D:14     | Noticed Frances
 25418 | D:14     | Banished Frances
 25647 | D:14     | Found a gate to the Vaults.
 25770 | D:14     | Found Habykiedd's Magic Scroll Emporium.
 26161 | D:15     | Noticed Roxanne
 26201 | D:15     | Killed Roxanne
 26708 | D:15     | Found a staircase to the Depths.
 26776 | D:15     | Noticed Kirke
 26779 | D:15     | Reached ****** piety under Vehumet
 26779 | D:15     | Offered knowledge of Spellforged Servitor by Vehumet.
 26784 | D:15     | Noticed a sphinx
 26788 | D:15     | Killed Kirke
 26882 | D:15     | Found an iron altar of Okawaru.
 26942 | D:15     | Reached skill level 12 in Spellcasting
 26946 | D:15     | Reached XP level 16. HP: 98/124 MP: 29/32
 27610 | Swamp:1  | Entered Level 1 of the Swamp
 27648 | Swamp:1  | Killed by an exploding bloated husk

Illustrated notes

Levels and vault maps discovered:
D:1:      nicolae_arrival_memento_mori, layout_basic, grunt_decor_mini_mirrors,
          nicolae_shop_unique_rings, minmay_split_cup_small
D:2:      layout_loops_ring, minmay_surrounded, uniq_jessica, uniq_terence
D:3:      minmay_goblin_kobold_castle, layout_loops_cross,
          shapermc_ecumenical_altar_petra, chequers_jeans, uniq_sigmund
D:4:      layout_rooms, chequers_temple_overflow_minitemple,
          minmay_temple_entry_from_below_a, gup_sewer_entry_bubbles,
          kennysheep_crisscross, minmay_diced_spiral
D:5:      minmay_angry_zag, layout_basic, gammafunk_ghost_cemetery,
          dk_vineyard_2, solitary_fountain, hex_intersection, uniq_ijyb
D:6:      layout_gridville, grunt_ministairs_2, chequers_serial_rivers_micro_c,
          uniq_edmund, uniq_menkaure
D:7:      layout_basic, enter_ossuary_3, hex_intersection,
          kennysheep_generic_room_15
D:8:      layout_cave_pools, gammafunk_ghost_grave, nicolae_diode_quadrants
D:9:      layout_roguey, david_orc_3
D:10:     layout_rooms, uniq_joseph
D:11:     layout_roguey, grunt_lair_entry_orc_guard_hut,
          portal_ice_cave_demonic_guard, grunt_ministairs_7, uniq_erica,
          uniq_grum
D:12:     layout_loops_ring, uniq_erolcha
D:13:     layout_long_grid
D:14:     layout_rooms, ximxim_vaults_locker_room, minmay_misc_feat_roman,
          serial_shops, kennysheep_little_box, wad_floor_pattern_2, uniq_frances
D:15:     grunt_enter_depths_hoard, layout_basic,
          hellmonk_okawaru_the_only_friend_you_need, minivault_8, uniq_roxanne,
          uniq_kirke
Temple:   hellmonk_temple_divided_pantheon
Lair:1:   layout_loops_ring
Lair:2:   layout_roguey, nicolae_spider_entry_lesser_pyramids, basic_altar,
          hibernation_bobbens
Lair:3:   layout_regular_city, minmay_swamp_entry_worms, ice2_lemuel
Lair:4:   layout_layer_cave, serial_bayou_shore_b
Lair:5:   minmay_lair_end_enchanted_forest, layout_regular_city, slime_entry_1,
          serial_bayou_lake_a, serial_bayou_shore_a, infiniplex_staircase_pool,
          lemuel_fruit_fields
Swamp:1:  layout_basic_swamp, hangedman_swamp_ruin_wall
Orc:1:    layout_caves, lightli_church_of_beogh
Orc:2:    st_orc_town, layout_caves, serial_shops, shop, nicolae_shop_trees,
          shop, shop, shop, basic_altar, uniq_jorgrun

Skill      XL: |  1  2  3  4  5  6  7  8  9 10 11 12 13 14 15 16 |
---------------+-------------------------------------------------+-----
Spellcasting   | 5 6 7 8 9 10 11 12 | 12.0
Invocations    | 1 2 3 4 5 6 7 8 9 10 11 | 11.9
Fighting       | 1 2 3 5 6 7 8 9 10 11 | 11.0
Short Blades   | 1 2 3 5 6 7 8 9 10 11 | 11.0
Long Blades    | 1 2 3 5 6 7 8 9 10 11 | 11.0
Axes           | 1 2 3 5 6 7 8 9 10 11 | 11.0
Maces & Flails | 1 2 3 5 6 7 8 9 10 11 | 11.0
Polearms       | 1 2 3 5 6 7 8 9 10 11 | 11.0
Staves         | 1 2 3 5 6 7 8 9 10 11 | 11.0
Ranged Weapons | 1 2 3 5 6 7 8 9 10 11 | 11.0
Throwing       | 1 2 3 5 6 7 8 9 10 11 | 11.0
Armour         | 1 2 3 5 6 7 8 9 10 11 | 11.0
Shields        | 1 2 3 5 6 7 8 9 10 11 | 11.0
Unarmed Combat | 1 2 3 5 6 7 8 9 10 11 | 11.0
Evocations     | 1 2 3 5 6 7 8 9 10 11 | 11.0
Conjurations   | 1 2 3 4 5 6 7 8 9 |  9.2
Hexes          | 1 2 3 4 5 6 7 8 9 |  9.2
Summonings     | 1 2 3 4 5 6 7 8 9 |  9.2
Necromancy     | 1 2 3 4 5 6 7 8 9 |  9.2
Translocations | 1 2 3 4 5 6 7 8 9 |  9.2
Transmutations | 1 2 3 4 5 6 7 8 9 |  9.2
Fire Magic     | 1 2 3 4 5 6 7 8 9 |  9.2
Air Magic      | 1 2 3 4 5 6 7 8 9 |  9.2
Earth Magic    | 1 2 3 4 5 6 7 8 9 |  9.2
Poison Magic   | 1 2 3 4 5 6 7 8 9 |  9.2
Dodging        | 5 6 7 8 9 10 11 | 11.9
Stealth        | 5 6 7 8 9 10 11 | 11.7
Ice Magic      | 8 9 10 11 | 11.6

Action                     |  1- 3 |  4- 6 |  7- 9 | 10-12 | 13-15 | 16-18 || total
---------------------------+-------+-------+-------+-------+-------+-------++-------
  Melee: War axe           |    10 |       |       |       |       |       ||    10
         Unarmed           |     1 |       |       |       |       |       ||     1
         Hand axe          |    26 |    63 |   165 |    16 |       |       ||   270
         Bite              |     2 |     6 |    19 |    32 |    59 |    11 ||   129
         Punch             |     1 |       |     5 |    15 |    26 |     4 ||    51
         Falchion          |       |       |       |    55 |       |       ||    55
         Scimitar          |       |       |       |   185 |   295 |       ||   480
         Short sword       |       |       |       |       |   129 |    37 ||   166
   Cast: Freeze            |     9 |     7 |    36 |       |       |       ||    52
         Frozen Ramparts   |       |     5 |    17 |    31 |    21 |     2 ||    76
         Ozocubu's Armour  |       |     3 |     7 |    16 |    15 |     1 ||    42
         Hailstorm         |       |     9 |    18 |     9 |       |       ||    36
         Summon Ice Beast  |       |       |     4 |    21 |    31 |       ||    56
         Freezing Cloud    |       |       |       |    60 |   200 |    12 ||   272
         Mephitic Cloud    |       |       |       |     1 |       |       ||     1
         Ignite Poison     |       |       |       |     1 |       |       ||     1
         Fireball          |       |       |       |       |    12 |       ||    12
    Use: Scroll            |     1 |     5 |     7 |    17 |    12 |       ||    42
         Potion            |       |       |     1 |     5 |    13 |     2 ||    21
   Stab: Sleeping          |     3 |     3 |    18 |    14 |     5 |       ||    43
         Distracted        |       |       |       |     2 |     6 |       ||     8
 Armour: Robe              |     7 |     9 |       |       |       |       ||    16
         Leather armour    |       |       |    24 |    55 |   104 |     2 ||   185
  Dodge: Dodged            |    49 |    59 |   133 |   334 |   429 |    10 ||  1014
  Block: Other             |       |       |       |       |    15 |     8 ||    23
         Reflection        |       |       |       |       |     6 |     1 ||     7
